[Event "Titled Tuesday Blitz November 07 Late 2023"]
[White "Nihal Sarin"]
[Black "Ibarra Jerez, Jose Carlos"]
[WhiteFideId "25092340"]
[BlackFideId "2226332"]
[WhiteElo "3108"]
[BlackElo "3014"]
[Result "1-0"]
[Round "5"]
[TimeControl "180+1"]
[Date "2023.11.07"]
[WhiteClock "0:00:10"]
[BlackClock "0:00:00"]
[Board "2"]

1. e4 c5 2. Nf3 Nc6 3. Nc3 e6 4. d4 cxd4 5. Nxd4 Nf6 6. Qd3 Bb4 7. Nxc6 bxc6 8. e5 Nd5 9. Bd2 Qa5 10. Ne4 Bxd2+ 11. Qxd2 Nb4 12. Nd6+ Kf8 13. O-O-O Nxa2+ 14. Kb1 Nb4 15. Bc4 Ba6 16. Qf4 f6 17. exf6 g5 18. Qe4 Bxc4 19. Qxc4 Nd5 20. h4 Rb8 21. Rd3 Rb4 22. Qa2 Ra4 23. Ra3 Nc3+ 24. bxc3 Rxa3 25. Qb2 Qb6 26. hxg5 Ra5 27. Qxb6 axb6 28. g6 Rg8 29. g7+ Rxg7 30. fxg7+ Kxg7 31. Nc4 Rc5 32. Ne3 Rxc3 33. Kc1 Rc5 34. Kd2 b5 35. Ra1 d5 36. Ra7+ Kf6 37. Rxh7 d4 38. Ng4+ Kg5 39. f3 e5 40. Nf2 Rd5 41. Ne4+ Kg6 42. Rc7 Kf5 43. Rxc6 1-0


[Site "https://www.chess.com"]

[Event "Titled Tuesday Blitz November 07 Late 2023"]
[White "Hong, Andrew"]
[Black "Duda, Jan-Krzysztof"]
[WhiteFideId "2099438"]
[BlackFideId "1170546"]
[WhiteElo "2985"]
[BlackElo "3089"]
[Result "0-1"]
[Round "5"]
[TimeControl "180+1"]
[Date "2023.11.07"]
[WhiteClock "0:00:03"]
[BlackClock "0:00:23"]
[Board "3"]

1. e4 e5 2. Nf3 Nc6 3. Bb5 a6 4. Ba4 Nf6 5. O-O Be7 6. Re1 b5 7. Bb3 O-O 8. a4 Bb7 9. d3 d6 10. Bd2 h6 11. h3 Re8 12. Nc3 Na5 13. Ba2 b4 14. Ne2 c5 15. Ng3 Bf8 16. c3 Nc6 17. Be3 d5 18. exd5 Nxd5 19. Bd2 Qd7 20. Ne4 Kh8 21. Nh4 Na5 22. Qh5 b3 23. Bb1 Rad8 24. c4 Nf4 25. Qf3 Nc6 26. Qd1 Nd4 27. Nf3 Nxh3+ 28. gxh3 Qxh3 29. Nh2 Re6 30. Qg4 Qxg4+ 31. Nxg4 f5 32. Nh2 fxe4 33. dxe4 Be7 34. Bd3 Nc6 35. Re3 Red6 36. Bf1 Rxd2 37. Rxb3 Nb4 38. Re1 Bh4 39. Ng4 Rf8 40. Re2 Rxe2 41. Bxe2 Bxe4 42. f3 Bc2 43. Ra3 e4 44. Ne5 exf3 45. Nxf3 Bf6 46. Kh2 Re8 47. Bf1 Bxb2 48. Nh4 Bxa3 49. Bg2 g5 50. Nf3 a5 51. Kg3 Bb2 52. Kf2 Kg7 53. Bh3 Kf6 54. Bd7 Re7 55. Bb5 h5 56. Nh2 Bd4+ 57. Kg3 Nd3 0-1


[Site "https://www.chess.com"]

[Event "Titled Tuesday Blitz November 07 Late 2023"]
[White "Le, Quang Liem"]
[Black "Makarian, Rudik"]
[WhiteFideId "12401137"]
[BlackFideId "44105681"]
[WhiteElo "3084"]
[BlackElo "2976"]
[Result "0-1"]
[Round "5"]
[TimeControl "180+1"]
[Date "2023.11.07"]
[WhiteClock "0:00:01"]
[BlackClock "0:00:16"]
[Board "4"]

1. Nf3 Nf6 2. c4 e6 3. b3 d5 4. Bb2 b6 5. e3 Bb7 6. Nc3 Nbd7 7. Rc1 a6 8. cxd5 exd5 9. Ne2 g6 10. g3 Bg7 11. Bg2 O-O 12. O-O Re8 13. Nf4 a5 14. Re1 Nc5 15. Be5 Re7 16. Qc2 Ne8 17. Bxg7 Nxg7 18. Nd4 Qd7 19. a3 Nge6 20. Nfxe6 Nxe6 21. Nc6 Bxc6 22. Qxc6 Qxc6 23. Rxc6 Rd8 24. Rec1 d4 25. b4 axb4 26. axb4 dxe3 27. dxe3 Rd2 28. h4 Rb2 29. R6c4 c5 30. bxc5 Nxc5 31. Rd4 Ra7 32. Bd5 Kg7 33. Kg2 Ra3 34. Rf4 f5 35. Kg1 Nd3 36. Rc7+ Kf6 37. Rf3 Ra1+ 38. Kh2 Nxf2 39. g4 Ne4+ 40. Kh3 Rh1# 0-1


[Site "https://www.chess.com"]

[Event "Titled Tuesday Blitz November 07 Late 2023"]
[White "Pranav, V"]
[Black "Sarana, Alexey"]
[WhiteFideId "25060783"]
[BlackFideId "24133795"]
[WhiteElo "3072"]
[BlackElo "2972"]
[Result "1/2-1/2"]
[Round "5"]
[TimeControl "180+1"]
[Date "2023.11.07"]
[WhiteClock "0:02:23"]
[BlackClock "0:03:03"]
[Board "5"]

1. e4 c5 2. Nf3 d6 3. d4 cxd4 4. Nxd4 Nf6 5. Nc3 a6 6. h3 e5 7. Nf3 h6 8. g4 Nc6 9. Rg1 Be7 10. g5 hxg5 11. Nxg5 Nd4 12. Bc4 Ng4 13. Nxf7 Nxf2 14. Kxf2 Bh4+ 15. Ke3 Bf2+ 16. Kxf2 Qf6+ 17. Ke1 Qh4+ 18. Kd2 Qf4+ 19. Ke1 Qh4+ 20. Kd2 Qf4+ 21. Ke1 Qh4+ 1/2-1/2


[Site "https://www.chess.com"]

[Event "Titled Tuesday Blitz November 07 Late 2023"]
[White "Matlakov, Maxim"]
[Black "Firouzja, Alireza"]
[WhiteFideId "4168003"]
[BlackFideId "12573981"]
[WhiteElo "2967"]
[BlackElo "3069"]
[Result "1/2-1/2"]
[Round "5"]
[TimeControl "180+1"]
[Date "2023.11.07"]
[WhiteClock "0:00:09"]
[BlackClock "0:00:16"]
[Board "6"]

1. d4 d6 2. e4 Nf6 3. Nc3 e5 4. Nf3 Nbd7 5. Bc4 Be7 6. a4 c6 7. O-O Qc7 8. Re1 h6 9. a5 Nf8 10. Nh4 exd4 11. Qxd4 Ne6 12. Qd1 Ng5 13. f4 Ngh7 14. Nf3 O-O 15. Kh1 Ng4 16. Rf1 Rd8 17. Bb3 d5 18. exd5 Bc5 19. Ne4 cxd5 20. Nxc5 Qxc5 21. Qd4 Qc7 22. Bd2 Nf8 23. Bc3 Ne6 24. Qd2 Qxf4 25. Qxf4 Nxf4 26. Rae1 Ng6 27. h3 Nf6 28. Bxf6 gxf6 29. Nd4 Kg7 30. Rf2 Ne5 31. Ref1 Rd6 32. c3 Bd7 33. Bc2 Nc4 34. Bf5 Nxa5 35. Bxd7 Rxd7 36. Nf5+ Kh7 37. Ne3 Rad8 38. Ng4 Kg7 39. Nxf6 Re7 40. Nh5+ Kf8 41. Rf6 Ke8 42. Rxh6 Kd7 43. Rh7 Rf8 44. Nf6+ Kc6 45. Rh6 Re6 46. Rh5 Nc4 47. Nxd5 Nxb2 48. Nb4+ Kc7 49. Rhf5 f6 50. h4 Rh8 51. h5 Kb8 52. Nd5 a5 53. Nxf6 a4 54. g4 a3 55. Ra5 Nc4 56. Ra4 Ne3 57. Rf2 Nd1 58. Rf1 Nxc3 59. Rxa3 Nb5 60. Rb3 Nd4 61. Rg3 Ne2 62. Rg2 Re3 63. Kh2 Nd4 64. g5 Nf3+ 65. Rxf3 Rxf3 66. h6 Rxf6 67. gxf6 Rxh6+ 68. Kg3 Rxf6 69. Rb2 b6 70. Kg4 Kb7 71. Kg5 Rf1 72. Kg4 Kc6 73. Rc2+ Kb7 74. Rb2 Rf8 75. Rb1 Rc8 76. Kf3 Ka6 77. Ra1+ Kb7 78. Rb1 Re8 79. Kf2 Re5 80. Kf3 b5 81. Kf4 Rc5 82. Ke3 Kb6 83. Kd3 Rc4 84. Kd2 Rc7 85. Kd3 Rc8 86. Rb2 Rc4 87. Rc2 Ra4 88. Kc3 Rc4+ 89. Kb3 Re4 90. Kb2 Ka5 91. Kb1 Re3 92. Rc1 Kb4 93. Rd1 Kb3 94. Rc1 Kb4 95. Rd1 Rb3+ 96. Ka1 Ka4 97. Rc1 Rd3 98. Re1 Ka3 99. Rc1 b4 100. Rf1 Ka4 101. Re1 Ra3+ 102. Kb1 Rb3+ 103. Ka1 Rc3 104. Rf1 Rc2 105. Kb1 Rd2 106. Re1 Kb3 107. Re3+ Kc4 108. Re1 Kc3 109. Re3+ Kc4 110. Re4+ Kb3 111. Re3+ Ka4 112. Re1 Ka3 113. Re3+ b3 114. Re1 Ra2 115. Rf1 Rb2+ 116. Ka1 Rc2 117. Kb1 Rc3 118. Re1 Rd3 119. Rf1 Kb4 120. Re1 Kc3 121. Rc1+ Kb4 122. Rg1 Rd2 123. Rf1 b2 124. Rf4+ Kb3 125. Rf3+ Kc4 126. Rf4+ Rd4 127. Rxd4+ Kxd4 128. Kxb2 1/2-1/2


[Site "https://www.chess.com"]

[Event "Titled Tuesday Blitz November 07 Late 2023"]
[White "Aravindh, Chithambaram VR."]
[Black "Martinez Alcantara, Jose Eduardo"]
[WhiteFideId "5072786"]
[BlackFideId "3805662"]
[WhiteElo "2946"]
[BlackElo "3047"]
[Result "0-1"]
[Round "5"]
[TimeControl "180+1"]
[Date "2023.11.07"]
[WhiteClock "0:00:00"]
[BlackClock "0:00:59"]
[Board "7"]

1. b3 Nf6 2. Bb2 d5 3. Nf3 Bf5 4. e3 e6 5. Be2 h6 6. O-O Be7 7. c4 c6 8. d3 Bh7 9. Nbd2 O-O 10. Ne5 a5 11. Ndf3 a4 12. bxa4 Qa5 13. Qb3 Ra7 14. Bd1 Nbd7 15. Bc3 Qa6 16. Qb2 Nc5 17. Bc2 Nxa4 18. Bxa4 Qxa4 19. Rfd1 Rc8 20. h3 Ba3 21. Qb3 Bf8 22. Qb2 b5 23. cxd5 Nxd5 24. Be1 c5 25. a3 c4 26. dxc4 bxc4 27. Qd4 Rac7 28. Bc3 Bc5 29. Qd2 Bf8 30. Ng4 f6 31. Nd4 Nxc3 32. Qxc3 Qa6 33. a4 Rd7 34. Nh2 e5 35. Ndf3 Rxd1+ 36. Rxd1 Qxa4 37. Ra1 Qb3 38. Qa5 c3 39. Qa6 Qc4 40. Qb7 c2 41. Rc1 Ba3 42. Rxc2 Bxc2 43. Nf1 Be4 44. Qa7 Bc5 45. Qd7 Bf8 46. Ng3 Qc6 47. Qa7 Bxf3 48. gxf3 Ra8 0-1


[Site "https://www.chess.com"]

[Event "Titled Tuesday Blitz November 07 Late 2023"]
[White "Paravyan, David"]
[Black "Sjugirov, Sanan"]
[WhiteFideId "4194985"]
[BlackFideId "4189302"]
[WhiteElo "3045"]
[BlackElo "2964"]
[Result "1-0"]
[Round "5"]
[TimeControl "180+1"]
[Date "2023.11.07"]
[WhiteClock "0:00:21"]
[BlackClock "0:00:00"]
[Board "8"]

1. e4 c5 2. Nf3 d6 3. d4 cxd4 4. Nxd4 Nf6 5. Nc3 a6 6. f3 e5 7. Nb3 Be6 8. Be3 h5 9. Nd5 Bxd5 10. exd5 Nbd7 11. Qd2 g6 12. O-O-O Bg7 13. Kb1 Qc7 14. Rg1 b6 15. h4 Nc5 16. Nxc5 bxc5 17. Bg5 Qb7 18. Bc4 Nd7 19. c3 Nb6 20. Bd3 Rb8 21. Ka1 c4 22. Bc2 O-O 23. g4 hxg4 24. h5 Nd7 25. Bb1 gxf3 26. hxg6 f5 27. Qh2 Rfe8 28. Bxf5 Nc5 29. Rd2 e4 30. Qh7+ Kf8 31. Bh6 Bxh6 32. Qh8+ Ke7 33. Qxh6 Kd8 34. g7 Kc7 35. Qe3 Kb6 36. Bh7 Qf7 37. b4 cxb3 38. axb3 Kc7 39. Ka2 Rg8 40. Bxg8 Rxg8 41. b4 Nd7 42. Qa7+ Kd8 43. Qxa6 Ke7 44. Re1 Qf4 45. Rd4 Qh2+ 46. Kb3 1-0


[Site "https://www.chess.com"]

[Event "Titled Tuesday Blitz November 07 Late 2023"]
[White "mind1mover"]
[Black "Oparin, Grigoriy"]
[BlackFideId "24125890"]
[WhiteElo "2843"]
[BlackElo "3002"]
[Result "0-1"]
[Round "5"]
[TimeControl "180+1"]
[Date "2023.11.07"]
[WhiteClock "0:00:01"]
[BlackClock "0:01:25"]
[Board "9"]

1. Nf3 Nf6 2. b3 g6 3. Bb2 Bg7 4. g3 b6 5. Bg2 Bb7 6. O-O c5 7. c4 O-O 8. d4 e6 9. dxc5 bxc5 10. e3 Qc7 11. Nc3 a6 12. Rc1 d6 13. Qe2 Rd8 14. Rfd1 Nc6 15. Na4 Rd7 16. Nd2 Rad8 17. Ne4 Nxe4 18. Bxe4 Bxb2 19. Qxb2 Ne5 20. Nc3 f5 21. Bxb7 Qxb7 22. f4 Nf3+ 23. Kf1 g5 24. Qe2 h5 25. e4 Nd4 26. Qxh5 Rg7 27. Ne2 Qxe4 28. Nxd4 cxd4 29. Re1 Qb7 30. fxg5 e5 31. g6 d3 32. Rcd1 e4 33. Kg1 Rf8 34. Qg5 Qb6+ 35. Kh1 d5 36. cxd5 Rxg6 37. Qf4 Qd6 38. Qxd6 Rxd6 39. g4 Kf7 40. gxf5 Re8 41. Re3 Rxd5 42. Rde1 Kf6 43. Kg2 Kxf5 44. Rf1+ Ke5 45. Rfe1 Kd4 46. h4 d2 47. Rd1 0-1


[Site "https://www.chess.com"]

[Event "Titled Tuesday Blitz November 07 Late 2023"]
[White "Deac, Bogdan-Daniel"]
[Black "Kozak, Antoni"]
[WhiteFideId "1226380"]
[BlackFideId "21832030"]
[WhiteElo "2978"]
[BlackElo "2811"]
[Result "1-0"]
[Round "5"]
[TimeControl "180+1"]
[Date "2023.11.07"]
[WhiteClock "0:00:05"]
[BlackClock "0:00:02"]
[Board "10"]

1. b3 b6 2. Bb2 Bb7 3. Nf3 Nf6 4. c4 g6 5. g3 Bg7 6. Bg2 O-O 7. O-O e6 8. Nc3 Nc6 9. d4 Ne7 10. Rc1 Ne4 11. Nxe4 Bxe4 12. Qd2 Qc8 13. Rfd1 Qb7 14. d5 Bxb2 15. Qxb2 exd5 16. Ne5 Bxg2 17. Kxg2 d4+ 18. Kg1 c5 19. e3 Nf5 20. exd4 Nxd4 21. Rxd4 cxd4 22. Qxd4 h5 23. Nxd7 Rfd8 24. Nf6+ Kf8 25. Nd5 Kg8 26. Re1 Rd6 27. Nf6+ Rxf6 28. Qxf6 Rf8 29. Re7 Qa6 30. a4 Qa5 31. Kg2 Qb4 32. Re3 a6 33. h4 Qc5 34. Qe5 Rc8 35. Qe4 b5 36. cxb5 axb5 37. Qb7 bxa4 38. bxa4 Qc1 39. a5 Rc2 40. Qa8+ Kg7 41. Re8 Qd2 42. Rg8+ Kf6 43. Qf3+ Ke7 44. Ra8 Qc3 45. Ra7+ Ke6 46. Rxf7 Qxf3+ 47. Rxf3 Ra2 48. Rf4 Rxa5 49. Rf8 Rd5 50. Rf4 Ke7 51. Kf3 Rc5 52. Ke4 Ke6 53. Kd4 Ra5 54. Kc3 Ra3+ 55. Kb4 Ra2 56. Kc5 Rc2+ 57. Kb5 Ra2 58. Kc6 Rb2 59. Kc7 Rc2+ 60. Kd8 Rb2 61. Rf3 Ke5 62. Ke7 Rb7+ 63. Kf8 Ke6 64. Rf4 Rc7 65. Kg8 Rb7 66. Rf8 Rc7 67. f3 Rd7 68. Rf4 Rc7 69. g4 hxg4 70. fxg4 Rb7 71. g5 Ke7 72. Rf7+ Ke8 73. Rxb7 1-0


[Site "https://www.chess.com"]

[Event "Titled Tuesday Blitz November 07 Late 2023"]
[White "Holt, Conrad"]
[Black "Elsa167"]
[WhiteFideId "2034387"]
[WhiteElo "2811"]
[BlackElo "2977"]
[Result "0-1"]
[Round "5"]
[TimeControl "180+1"]
[Date "2023.11.07"]
[WhiteClock "0:00:00"]
[BlackClock "0:00:04"]
[Board "11"]

1. d4 Nf6 2. c4 g6 3. Nc3 Bg7 4. e4 d6 5. Nf3 Bg4 6. Be2 Bxf3 7. Bxf3 e5 8. d5 h5 9. O-O Nbd7 10. Be2 a5 11. g3 h4 12. Bg5 hxg3 13. fxg3 Bh6 14. Qd2 Bxg5 15. Qxg5 Qe7 16. Nb5 Rc8 17. Bf3 Nxd5 18. Qxe7+ Nxe7 19. Bg4 Rf8 20. Na7 Rb8 21. Nb5 Kd8 22. Bxd7 Kxd7 23. Rf6 Ng8 24. Rf3 c6 25. Nc3 Ke6 26. Rd1 f5 27. Rfd3 Rfd8 28. c5 d5 29. exd5+ cxd5 30. Nxd5 Kf7 31. Nb6 Rxd3 32. Rxd3 Nf6 33. Rd6 Re8 34. a3 e4 35. Kf1 g5 36. Nd7 Ng4 37. h3 Ne3+ 38. Ke2 f4 39. gxf4 gxf4 40. Rf6+ Ke7 41. Rxf4 Nd5 42. Rf5 Kxd7 43. Rxd5+ Kc6 44. Rh5 Rg8 45. Ke3 Rg2 46. Kxe4 Rxb2 47. h4 Rb3 48. Rh7 Rxa3 49. h5 Rb3 50. Kd4 Rb4+ 51. Kc3 Kxc5 52. h6 Kb6 53. Rf7 Rh4 54. h7 Ka6 55. Kb3 b6 56. Ka3 a4 57. Rg7 Ka5 58. Ra7+ Kb5 59. Rg7 Rh3+ 60. Ka2 Ka5 61. Ra7+ Kb4 62. Rg7 Rh2+ 63. Kb1 b5 64. Rg4+ Ka5 65. Rg7 a3 66. Ka1 Ka4 67. Kb1 b4 68. Rf7 Rh1+ 69. Kc2 b3+ 70. Kc3 Rh3+ 71. Kc4 Rh4+ 72. Kc3 b2 73. Ra7+ Kb5 74. Rb7+ Kc6 75. Rb8 Rxh7 76. Kc2 Rh2+ 77. Kc3 Rh1 78. Rc8+ Kb7 0-1


[Site "https://www.chess.com"]

[Event "Titled Tuesday Blitz November 07 Late 2023"]
[White "Kazakov, Mikhail"]
[Black "Salinas Herrera, Pablo"]
[WhiteFideId "14102749"]
[BlackFideId "3407128"]
[WhiteElo "2445"]
[BlackElo "2904"]
[Result "1-0"]
[Round "5"]
[TimeControl "180+1"]
[Date "2023.11.07"]
[WhiteClock "0:00:08"]
[BlackClock "0:00:05"]
[Board "12"]

1. d4 d5 2. c4 e6 3. Nc3 Nf6 4. cxd5 exd5 5. Bg5 c6 6. e3 h6 7. Bh4 Bd6 8. Nf3 O-O 9. Bd3 Be6 10. Bg3 Bxg3 11. hxg3 Nbd7 12. Qc2 Qb8 13. O-O-O b5 14. Nh4 a5 15. Nf5 Re8 16. f3 Bxf5 17. Bxf5 Rxe3 18. Qd2 Re7 19. g4 Nf8 20. g5 hxg5 21. Qxg5 Ne6 22. Bxe6 Rxe6 23. Qh4 Kf8 24. Rde1 Qd6 25. Rxe6 Qxe6 26. Re1 Qf5 27. Kd2 Kg8 28. Rh1 Qh7 29. Qxh7+ Nxh7 30. Re1 Kf8 31. a4 b4 32. Nb1 Nf6 33. Rc1 Ra6 34. Kd3 Ke7 35. Nd2 Kd6 36. Nb3 Nd7 37. Rh1 Ra8 38. Rh7 Rg8 39. Nxa5 c5 40. Nb7+ Kc6 41. Nxc5 Nxc5+ 42. dxc5 Kxc5 43. b3 f6 44. g4 Re8 45. Rxg7 Re1 46. Rc7+ Kd6 47. Rb7 Kc5 48. Rb5+ Kd6 49. Rxb4 Rf1 50. Rf4 Ke6 51. a5 Ra1 52. Ra4 Rd1+ 53. Ke2 Rb1 54. a6 Rb2+ 55. Kf1 Rxb3 56. a7 1-0


[Site "https://www.chess.com"]

[Event "Titled Tuesday Blitz November 07 Late 2023"]
[White "Hakobyan, Aram"]
[Black "Troff, Kayden"]
[WhiteFideId "13306677"]
[BlackFideId "2047896"]
[WhiteElo "3053"]
[BlackElo "2807"]
[Result "1-0"]
[Round "5"]
[TimeControl "180+1"]
[Date "2023.11.07"]
[WhiteClock "0:00:05"]
[BlackClock "0:00:10"]
[Board "13"]

1. e4 c5 2. Nc3 g6 3. Bc4 Bg7 4. h4 h6 5. d3 d6 6. h5 g5 7. f4 gxf4 8. Bxf4 Nc6 9. Nf3 Nf6 10. Qd2 Be6 11. Bxe6 fxe6 12. Nh4 Qb6 13. Ng6 Rh7 14. O-O-O O-O-O 15. Rde1 Nd7 16. g4 Nde5 17. Nxe5 Nxe5 18. Qe2 Nc6 19. Bd2 Rhh8 20. Ref1 Rdf8 21. Rxf8+ Rxf8 22. Rf1 Qd8 23. a3 Nd4 24. Qg2 b5 25. Ne2 Nc6 26. Rxf8 Qxf8 27. g5 Kd7 28. g6 b4 29. axb4 cxb4 30. d4 Nxd4 31. Nxd4 Bxd4 32. Qe2 b3 33. Qb5+ Kc7 34. cxb3 Qf2 35. Ba5+ Bb6 36. Kb1 Qf3 37. Qc4+ Kd7 38. Qb5+ Kc7 39. Bxb6+ axb6 40. Qc4+ Kd7 41. Qa4+ Kc7 42. Qa7+ Kc8 43. Qa8+ Kc7 44. g7 Qxb3 45. g8=Q Qd3+ 46. Ka1 Qf1+ 47. Ka2 Qc4+ 48. Ka3 Qd3+ 49. b3 1-0


[Site "https://www.chess.com"]

[Event "Titled Tuesday Blitz November 07 Late 2023"]
[White "GaiozNigalidze"]
[Black "Jacobson, Brandon"]
[BlackFideId "30901561"]
[WhiteElo "2729"]
[BlackElo "3117"]
[Result "1-0"]
[Round "5"]
[TimeControl "180+1"]
[Date "2023.11.07"]
[WhiteClock "0:00:37"]
[BlackClock "0:00:00"]
[Board "14"]

1. d4 Nf6 2. c4 g6 3. Nc3 Bg7 4. Nf3 d6 5. g3 O-O 6. Bg2 Nbd7 7. O-O e5 8. b3 Re8 9. Bb2 e4 10. Ng5 e3 11. f4 Nf8 12. Nd5 Ng4 13. Qd3 Bf5 14. Qd1 c6 15. Nc3 Nf2 16. Qc1 Bxd4 17. Nf3 Bg7 18. Nd1 Nxd1 19. Rxd1 Bxb2 20. Qxb2 Qe7 21. Qd4 Red8 22. Rac1 a5 23. Rc3 Re8 24. Nh4 Bg4 25. Kf1 Rad8 26. Rdd3 Ne6 27. Qxe3 Nxf4 28. Qxe7 Rxe7 29. gxf4 Bxe2+ 30. Kf2 Bxd3 31. Rxd3 f5 32. Bf3 Kg7 33. Ng2 Kf6 34. h4 h6 35. Rd1 g5 36. hxg5+ hxg5 37. fxg5+ Kxg5 38. Ne3 Rde8 39. Rg1+ Kf6 40. Nc2 Rh8 41. Rd1 Rh2+ 42. Bg2 Rg7 43. Ne1 Ke7 44. Kf3 a4 45. Rd2 axb3 46. axb3 Rh8 47. Nd3 Rhg8 48. Bf1 Rg4 49. Kf2 Rd4 50. Ke3 Re4+ 51. Kf2 Rh8 52. Bg2 Rg4 53. Re2+ Kd7 54. Kf3 Rhg8 55. Nf4 Rg3+ 56. Kf2 Rxb3 57. Ra2 Rg4 58. Ne2 Rxc4 59. Bf3 Kc7 60. Ra8 Rh4 61. Rf8 Rb5 62. Rf7+ Kb6 63. Kg3 Ra4 64. Nf4 Rb3 65. Ne6 Raa3 66. Ng5 d5 67. Rxf5 Kc5 68. Kf4 Rb4+ 69. Ke5 Re3+ 70. Kf6 Kb6 71. Ne6 Rb2 72. Bh5 Rh2 73. Ke7 Re1 74. Kd6 Rg2 75. Bf7 Rge2 76. Rf3 Re3 77. Rf2 Kb5 78. Rb2+ Kc4 79. Rxb7 Kc3 80. Kxc6 d4 81. Nc5 Re7 82. Rb3+ Kc2 83. Bg6+ Kd2 84. Rd3+ Kc1 85. Rxd4 Kb2 86. Bf5 Kc3 87. Ra4 R1e5 88. Bg4 Rg7 89. Ra3+ Kb4 90. Rb3+ 1-0


[Site "https://www.chess.com"]

[Event "Titled Tuesday Blitz November 07 Late 2023"]
[White "Xiong, Jeffery"]
[Black "Pakleza, Zbigniew"]
[WhiteFideId "2047640"]
[BlackFideId "1119290"]
[WhiteElo "3018"]
[BlackElo "2710"]
[Result "1-0"]
[Round "5"]
[TimeControl "180+1"]
[Date "2023.11.07"]
[WhiteClock "0:01:32"]
[BlackClock "0:00:01"]
[Board "15"]

1. c4 c6 2. e4 d5 3. exd5 cxd5 4. d4 Nf6 5. Nc3 e6 6. Nf3 Bb4 7. cxd5 exd5 8. Bd3 O-O 9. O-O Bg4 10. h3 Bh5 11. Bg5 Bxc3 12. bxc3 Nbd7 13. c4 dxc4 14. Bxc4 Qa5 15. Qd2 Qxd2 16. Nxd2 h6 17. Bh4 Rac8 18. Bb3 Rfd8 19. Rac1 b5 20. Rfe1 Kf8 21. Bg3 Nb6 22. Rxc8 Nxc8 23. Be5 Nd5 24. Ne4 f6 25. Bg3 Bf7 26. Nc5 Ncb6 27. Ne6+ Bxe6 28. Rxe6 Kf7 29. Rc6 Rd7 30. Rc5 a6 31. Rc6 Kg6 32. Bc2+ Kf7 33. h4 h5 34. Bd6 Nc4 35. Bc5 g6 36. Rxa6 Nc3 37. Bd3 Nb2 38. Bf1 Nc4 39. a4 Nxa4 40. Bxc4+ 1-0


[Site "https://www.chess.com"]

[Event "Titled Tuesday Blitz November 07 Late 2023"]
[White "Drygalov, Andrey"]
[Black "Hasangatin, Ramil"]
[WhiteFideId "24171735"]
[BlackFideId "4122160"]
[WhiteElo "2974"]
[BlackElo "2702"]
[Result "1-0"]
[Round "5"]
[TimeControl "180+1"]
[Date "2023.11.07"]
[WhiteClock "0:01:17"]
[BlackClock "0:00:00"]
[Board "16"]

1. e4 d5 2. exd5 Qxd5 3. Nc3 Qd6 4. d4 Nf6 5. Nf3 c6 6. Ne5 Nbd7 7. Nc4 Qc7 8. Qf3 Nb6 9. Bf4 Qd8 10. Qd1 Be6 11. Ne5 g6 12. Be2 Bg7 13. O-O Nbd5 14. Nxd5 Nxd5 15. Bg3 O-O 16. c3 Rc8 17. Bf3 Nb6 18. Re1 Re8 19. h3 Bd5 20. Bg4 e6 21. Nd3 Nd7 22. Qc2 Nf6 23. Be2 Be4 24. Rad1 Qb6 25. Qc1 Bxd3 26. Bxd3 Nd5 27. Be4 Qa5 28. a3 b5 29. Bd6 Bf8 30. Bxf8 Rxf8 31. h4 Nf6 32. Bf3 h5 33. Qh6 Qd8 34. Re5 Re8 35. g3 Qe7 36. Rde1 Qf8 37. Qf4 Nd5 38. Qd2 Qg7 39. Qe2 a6 40. Bxh5 c5 41. Bf3 Nb6 42. Rxc5 Rxc5 43. dxc5 Na4 44. c6 Rd8 45. Rd1 Qf6 46. c7 Rc8 47. Bb7 Rxc7 48. Bxa6 Nc5 49. Bxb5 e5 50. Bc4 e4 51. Bd5 Qe5 52. Qe3 Na4 53. Rd2 Rc5 54. Bb3 Nb6 55. Rd4 1-0


[Site "https://www.chess.com"]

[Event "Titled Tuesday Blitz November 07 Late 2023"]
[White "Koellner, Ruben Gideon"]
[Black "Makhnev, Denis"]
[WhiteFideId "12993093"]
[BlackFideId "13707647"]
[WhiteElo "2702"]
[BlackElo "2959"]
[Result "0-1"]
[Round "5"]
[TimeControl "180+1"]
[Date "2023.11.07"]
[WhiteClock "0:00:15"]
[BlackClock "0:00:07"]
[Board "17"]

1. d4 d5 2. Nf3 e6 3. e3 c5 4. c3 Nc6 5. Nbd2 Nf6 6. Bd3 Bd6 7. O-O O-O 8. dxc5 Bxc5 9. b4 Bd6 10. Bb2 Qc7 11. a3 e5 12. e4 h6 13. Qe2 Be6 14. Rfe1 a6 15. Rad1 Rad8 16. g3 dxe4 17. Nxe4 Nxe4 18. Bxe4 Bg4 19. c4 f5 20. Bd5+ Kh7 21. h3 Bxf3 22. Qxf3 e4 23. Qb3 Ne5 24. Bxe5 Bxe5 25. c5 g6 26. Rd2 Rd7 27. Red1 Rfd8 28. Bg8+ Kg7 29. Rxd7+ Rxd7 30. Rxd7+ Qxd7 31. Qd5 Qc7 32. Kg2 h5 33. a4 e3 34. fxe3 Bxg3 35. b5 Bh4 36. Kf1 Qg3 37. Ke2 Qe1+ 38. Kd3 Qd1+ 39. Kc4 Qxa4+ 40. Kc3 Bf6+ 41. Kd2 Qb4+ 42. Ke2 Qb2+ 43. Kf3 axb5 44. Qf7+ Kh6 45. h4 Bg7 46. Qe6 Qf6 47. Qxf6 Bxf6 48. Bd5 Be7 49. Bxb7 Bxc5 50. Bc6 b4 51. Bd5 Be7 52. e4 fxe4+ 53. Kxe4 Bxh4 54. Kd3 Be1 55. Kc4 Bc3 56. Kd3 g5 57. Ke4 g4 58. Kf5 Bd4 59. Bb3 g3 60. Ke4 g2 61. Kxd4 g1=Q+ 62. Kc4 Qe1 63. Kb5 Qc3 64. Ka4 h4 65. Bd5 Qa3+ 66. Kb5 b3 67. Kc4 b2 68. Be4 Qa4+ 69. Kd5 h3 70. Bd3 h2 71. Ke6 h1=Q 72. Bf5 Qhc6+ 73. Kf7 Qa7+ 74. Kg8 Qg7# 0-1


[Site "https://www.chess.com"]

[Event "Titled Tuesday Blitz November 07 Late 2023"]
[White "Yeletsky, Ivan"]
[Black "Annaberdiyev, Meylis"]
[WhiteFideId "24180327"]
[BlackFideId "14000563"]
[WhiteElo "2936"]
[BlackElo "2698"]
[Result "1-0"]
[Round "5"]
[TimeControl "180+1"]
[Date "2023.11.07"]
[WhiteClock "0:01:04"]
[BlackClock "0:00:00"]
[Board "18"]

1. c4 e5 2. Nc3 Nc6 3. Nf3 f5 4. d4 e4 5. Ne5 Bb4 6. Nxc6 dxc6 7. Qb3 a5 8. a3 Be7 9. Bf4 Nf6 10. e3 O-O 11. c5+ Kh8 12. Bc4 b5 13. cxb6 cxb6 14. O-O a4 15. Qc2 b5 16. Ba2 Bd6 17. Ne2 Bxf4 18. Nxf4 g5 19. Ne2 Qd6 20. Rac1 Ng4 21. Ng3 Bd7 22. Qc5 Qf6 23. h3 Nh6 24. Nh5 1-0


[Site "https://www.chess.com"]

[Event "Titled Tuesday Blitz November 07 Late 2023"]
[White "Leiva, Gianmarco"]
[Black "Rostovtsev, Dmitry"]
[WhiteFideId "3804399"]
[BlackFideId "34278320"]
[WhiteElo "2689"]
[BlackElo "2932"]
[Result "0-1"]
[Round "5"]
[TimeControl "180+1"]
[Date "2023.11.07"]
[WhiteClock "0:00:09"]
[BlackClock "0:00:20"]
[Board "19"]

1. e4 e5 2. Nf3 Nc6 3. Bc4 Bc5 4. d3 Nf6 5. O-O d6 6. c3 a6 7. Bb3 Ba7 8. Re1 h6 9. Nbd2 O-O 10. h3 Nh5 11. Nf1 Qf6 12. Be3 Nf4 13. d4 g6 14. Ng3 h5 15. Bc2 h4 16. Nf1 Kg7 17. N1h2 Rh8 18. Qd2 g5 19. Kh1 Ne7 20. Ng1 Neg6 21. Rad1 Be6 22. f3 Qe7 23. Qf2 f6 24. Rd2 Kh7 25. Red1 Qf7 26. a3 Bc4 27. Ng4 Be6 28. Qe1 Bb6 29. Qf2 Rhf8 30. Qe1 Rae8 31. Qf2 Qg7 32. a4 a5 33. Qe1 Nh5 34. Bf2 Ngf4 35. Ne2 Qf7 36. Nxf4 Nxf4 37. Be3 Nh5 38. d5 Bd7 39. Bxb6 cxb6 40. c4 Rc8 41. b3 Bxg4 42. fxg4 Nf4 43. Qf2 Rc5 44. Qe3 Kg7 45. Rf2 Qe7 46. Kh2 Rfc8 47. Rdf1 Qd7 48. Bd3 Qf7 49. Be2 Qc7 50. Rd1 Qd8 51. Bf1 R8c7 52. Rfd2 Qb8 53. Kg1 Rc8 54. Qf2 Qa7 55. Qe3 R5c7 56. Qf2 Re7 57. Qe3 Ree8 58. Qf2 Rc5 59. Kh2 Qb8 60. Qe3 Qc7 61. Qf2 Qe7 62. Qe3 Rec8 63. Rf2 Qf7 64. Rf3 Qg6 65. Qe1 Ra8 66. Re3 Qe8 67. Rd2 Rcc8 68. Rf2 Qd8 69. Rff3 Qc7 70. Rc3 Qc5 71. Qd2 Qb4 72. Qe3 Rc5 73. Qf2 b5 74. axb5 a4 75. bxa4 Rxa4 76. Rb3 Qa5 77. b6 Ra2 78. Rb2 Ra1 79. Rfb3 Rc1 80. Rb5 Rxb5 81. Rxb5 Qa1 82. Qb2 Qxb2 83. Rxb2 Rxf1 84. c5 dxc5 85. Rb5 Rc1 86. Ra5 Rb1 87. Rxc5 Rxb6 88. Rc7+ Kg6 89. Kg1 Rb2 90. Rc8 Rxg2+ 91. Kf1 Rd2 92. Rg8+ Kf7 93. Rh8 Nxh3 94. Rh7+ Kg6 95. Rxb7 Nf4 96. Rb8 Rd4 97. Rg8+ Kf7 98. Rh8 Rxe4 99. Rh7+ Kg6 100. Re7 Rd4 101. Kf2 Rxd5 102. Re8 Rd3 103. Rg8+ Kf7 104. Rh8 h3 105. Kg1 Rg3+ 106. Kh2 Rxg4 107. Rh7+ Kg6 108. Rh8 Rg2+ 109. Kh1 Rd2 110. Rh6+ Kxh6 111. Kg1 Kh5 112. Kf1 Re2 113. Kg1 Kg4 0-1


[Site "https://www.chess.com"]